 Dungeon Crawl Stone Soup version 0.18-a0-1390-gc02854d (webtiles) character file.

95 M4edhros the Insei (level 4, -1/35 HPs)
             Began as a Mummy Monk on Feb 23, 2016.
             Slain by a centaur skeleton (6 damage)
             ... on level 4 of the Dungeon.
             The game lasted 00:05:03 (3108 turns).

M4edhros the Insei (Mummy Monk)                     Turns: 3108, Time: 00:05:04

Health: -1/35      AC:  0    Str: 14    XL:     4   Next: 39%
Magic:  4/4        EV: 13    Int:  9    God:
Gold:   111        SH:  0    Dex: 15    Spells: 0 memorised, 3 levels left

rFire  x . .     SeeInvis .       - Unarmed
rCold  + . .     Gourm    .     (no armour)
rNeg   + + +     Faith    .     (no shield)
rPois  ∞         Spirit   .     (no helmet)
rElec  .         Dismiss  .     (no cloak)
rCorr  .         Reflect  .     (no gloves)
SustAt .         Harm     .     (no boots)
MR     .....                    (no amulet)
Stlth  ++........               (no ring)
                                (no ring)

@: not resistant to hostile enchantments, unstealthy
A: no food or potions, fire vulnerability, cold resistance 1, negative energy
resistance 3, torment resistance, unbreathing
a: no special abilities


You were on level 4 of the Dungeon.
You were not hungry.

You visited 1 branch of the dungeon, and saw 4 of its levels.

You collected 111 gold pieces.

Inventory:

Scrolls
 a - 2 scrolls of teleportation {unknown}
 g - a scroll of amnesia {unknown}
 h - a scroll of fog {unknown}
 j - a scroll of remove curse {unknown}
Comestibles
 c - a royal jelly
 d - a bread ration
 f - a meat ration
 i - 3 fruits


   Skills:
 - Level 3.0 Fighting
 - Level 2.4 Dodging
 - Level 1.5 Stealth
 + Level 4.9 Unarmed Combat


You had 3 spell levels left.
You didn't know any spells.

Dungeon Overview and Level Annotations

Branches:
Dungeon (4/15)
 Temple: D:4-7

Altars:
Sif Muna


Innate Abilities, Weirdness & Mutations

You do not eat or drink.
Your flesh is vulnerable to fire.
You are immune to poison.
Your flesh is cold resistant.
You are immune to negative energy.
You are immune to unholy pain and torment.
You can survive without breathing.


Message History

You aren't carrying any rechargeable items.
The adder completely misses you.
Read which item? (? for menu, Esc to quit)
As you read the scroll labeled INUP HEXOUFE, it crumbles to dust.
You assume a fearsome visage.
The giant gecko looks frightened!
The adder looks frightened!
It was a scroll of fear.
Read which item? (? for menu, Esc to quit)
Okay, then.
An orc and a skeleton come into view.
The centaur skeleton hits you.
* * * LOW HITPOINT WARNING * * *
You hit the centaur skeleton.
Cornered, the giant gecko turns to fight!
The centaur skeleton closely misses you.
You hit the centaur skeleton.
The orc shouts!
The centaur skeleton barely misses you.
You hit the centaur skeleton. You punch the centaur skeleton.
The centaur skeleton hits you.
You die...

#......
.....
../.. ...
...
#.######
#.Zo...#
#@# ##.#
#..#
##.##
##..#
#.<##
.....S.l#
.######..
####


You could see an orc, a giant gecko and a centaur skeleton.

Vanquished Creatures
  A gnoll (D:1)
  2 adders
  4 worms (D:2)
  A dart slug (D:1)
  3 giant geckos
  4 bats
  7 giant cockroaches
  4 goblins
  7 hobgoblins
  2 jackals (D:1)
  2 ball pythons
  5 giant newts
  6 kobolds
  2 rats
50 creatures vanquished.

Notes
Turn   | Place    | Note
--------------------------------------------------------------
     0 | D:1      | M4edhros the Mummy Monk began the quest for the Orb.
     0 | D:1      | Reached XP level 1. HP: 18/18 MP: 1/1
    51 | D:1      | Reached XP level 2. HP: 13/24 MP: 2/2
   573 | D:1      | Reached skill level 4 in Unarmed Combat
   684 | D:1      | Reached XP level 3. HP: 22/29 MP: 3/3
  2327 | D:2      | Reached XP level 4. HP: 32/35 MP: 4/4
  2523 | D:2      | Found a deep blue altar of Sif Muna.
  3108 | D:4      | Slain by a centaur skeleton

Vault maps used:
D:1:      mushboom_english_gardens
D:2:      led_sif_pool, fountainhead
D:3:      portal_sewer_entry_e, first_bread, saegor_snake_ambush
D:4:      grunt_temple_overflow_open, serial_shops, nicolae_shop_stone,
          patterned_corridor, uniq_sigmund, uniq_edmund

Skill      XL: |  1  2 |
---------------+-------+-----
Unarmed Combat | 4 |  4.9
Fighting       | |  3.0
Dodging        | |  2.4
Stealth        | |  1.5

Action                   |  1- 3 |  4- 6 || total
-------------------------+-------+-------++-------
Melee: Unarmed           |   160 |    43 ||   203
  Use: Scroll            |       |     2 ||     2
 Stab: Sleeping          |     6 |     1 ||     7
